 Dungeon Crawl Stone Soup version 0.32-a0-893-gf85d74f (webtiles) character file.

Game seed: 12559534676496212168

142 danspanner the Trooper (level 5, -1/33 HPs)
             Began as a Gargoyle Fighter on Apr 3, 2024.
             Slain by a crocodile zombie (6 damage)
             ... in an ossuary.
             The game lasted 00:11:48 (2761 turns).

danspanner the Trooper (Gargoyle Fighter)           Turns: 2761, Time: 00:11:48

Health: -1/33      AC: 20    Str: 21    XL:     5   Next: 25%
Magic:  0/5        EV:  5    Int:  9    God:
Gold:   214        SH:  4    Dex:  9    Spells: 4/4 levels left

rFire   . . .        a - +0 flail
rCold   . . .        c - +0 buckler
rNeg    + . .        o - +1 plate armour
rPois   ∞            n - +1 helmet
rElec   +            (no cloak)
rCorr   .            (no gloves)
SInv    .            m - +0 pair of boots
Will    .....        b - amulet of guardian spirit Stlth
                     (no ring)
HPRegen 0.25/turn    (no ring)
MPRegen 0.09/turn

%: guardian spirit
@: no status effects
A: sickness immunity, AC +4, negative energy resistance 1, electricity
resistance, torment resistance 1, petrification resistance
a: no special abilities


You were in an ossuary.
You visited 1 branch of the dungeon, and saw 4 of its levels.
You also visited: Ossuary.

You collected 214 gold pieces.

Inventory:

Hand Weapons
 a - a +0 flail (weapon)
Armour
 c - a +0 buckler (worn)
 m - a +0 pair of boots (worn)
 n - a +1 helmet (worn)
 o - a +1 plate armour (worn)
Jewellery
 b - an amulet of guardian spirit (around neck)
Scrolls
 e - a scroll of teleportation
 f - a scroll of enchant armour
 h - a scroll of brand weapon {unknown}
 i - 2 scrolls of immolation {unknown}
 q - a scroll of acquirement {unknown}
Potions
 d - 4 potions of might
 g - 2 potions of lignification
 j - a potion of berserk rage
 k - a potion of magic {unknown}
 l - a potion of heal wounds {unknown}
 p - a potion of curing {unknown}
 r - 2 potions of haste {unknown}


   Skills:
 + Level 4.3 Fighting
 + Level 3.0 Maces & Flails
 + Level 4.2 Armour
 + Level 4.2 Shields


You had 4 spell levels left.
You didn't know any spells.
Your spell library contained the following spells:

 Spells                   Type           Power      Damage    Failure   Level
 Slow                     Hex            0%         N/A       100%        1
 Confusing Touch          Hex            0%         N/A       100%        3
 Vampiric Draining        Necr           0%         2d6       100%        3


Dungeon Overview and Level Annotations

Branches:
Dungeon (4/15)            Ossuary (1/1)
 Temple: D:4-7

Altars:
Elyvilon
Okawaru

Shops:
D:3 :

Annotations:
D:1 2 transporters
D:2 1 runed translucent door, Crazy Yiuf


Innate Abilities, Weirdness & Mutations

You are immune to sickness and miasma.
Your stone body is resilient. (AC +4)
You are immune to poison.
You resist negative energy. (rN+)
You are resistant to electric shocks. (rElec)
You are resistant to unholy torment.
You are immune to petrification.


Message History

Found a gate leading back out of this place.
There is an empty arch of ancient stone here.
You sock the crocodile zombie!
The crocodile zombie is lightly damaged.
The crocodile zombie bites you!
You sock the crocodile zombie!
The crocodile zombie is heavily damaged.
You block the crocodile zombie's attack.
You hit the crocodile zombie.
The crocodile zombie is heavily damaged.
The crocodile zombie bites you but does no damage.
The mummy hits you.
You barely miss the crocodile zombie.
The crocodile zombie is heavily damaged.
The crocodile zombie bites you but does no damage.
The mummy hits you!
You hit the crocodile zombie.
The crocodile zombie is heavily damaged.
The crocodile zombie bites you but does no damage.
The mummy hits you but does no damage.
You barely miss the crocodile zombie.
The crocodile zombie is heavily damaged.
The crocodile zombie bites you but does no damage.
You hit the crocodile zombie.
The crocodile zombie is severely damaged.
You block the crocodile zombie's attack.
The mummy barely misses you.
You hit the crocodile zombie.
The crocodile zombie is severely damaged.
The crocodile zombie barely misses you. You block the mummy's attack.
You closely miss the crocodile zombie.
The crocodile zombie is severely damaged.
The crocodile zombie bites you but does no damage.
You hit the crocodile zombie but do no damage.
The crocodile zombie is severely damaged.
The crocodile zombie bites you but does no damage.
The mummy hits you!
* * * LOW HITPOINT WARNING * * *
The crocodile zombie bites you!
You die...

##...##
#.....#
#.....#
#..∩..#
#.....#
#.....#
#..∩..#
#.....#
#...@.#
#..MZ.#
#.....#
##...##
#####


You could see a mummy and a crocodile zombie.

Vanquished Creatures
  Robin (D:3)
  4 adders
  4 ribbon worms
  An orc (D:3)
  6 endoplasms
  5 giant cockroaches
  20 goblins
  11 hobgoblins
  4 jackals (D:3)
  A quokka (D:2)
  8 ball pythons
  A bat (D:2)
  7 frilled lizards
  3 kobolds
  2 rats
78 creatures vanquished.

Notes
Turn   | Place    | Note
-------+----------+-------------------------------------------
     0 | D:1      | danspanner the Gargoyle Fighter began the quest for the
                  | Orb.
     0 | D:1      | Reached XP level 1. HP: 14/14 MP: 1/1
    19 | D:1      | You fall into a shaft and drop 1 floor!
   120 | D:1      | Reached XP level 2. HP: 14/19 MP: 2/2
   902 | D:1      | Reached XP level 3. HP: 24/24 MP: 3/3
  1274 | D:2      | Found an iron altar of Okawaru.
  1383 | D:2      | Reached XP level 4. HP: 29/29 MP: 4/4
  1430 | D:2      | Found a runed translucent door.
  1431 | D:2      | Noticed Crazy Yiuf
  2132 | D:3      | Found Soonoeca's Book Shoppe.
  2172 | D:3      | Found a white marble altar of Elyvilon.
  2359 | D:3      | Noticed Robin
  2375 | D:3      | Reached XP level 5. HP: 33/33 MP: 5/5
  2387 | D:3      | Killed Robin
  2744 | D:4      | Found a sand-covered staircase.
  2749 | Ossuary  | Entered an ossuary
  2761 | Ossuary  | Slain by a crocodile zombie

Illustrated notes

Levels and vault maps discovered:
D:1:      spicycebolla_arrival_transporter_tutorial, layout_loops_corners,
          minmay_misc_feat_room, chequers_serial_rivers_micro_b
D:2:      minmay_chambers_of_twos, layout_basic, basic_altar, st_stairs_14,
          uniq_crazy_yiuf_cottage
D:3:      layout_rooms, elyvilon_altar_3, serial_shops, shop, uniq_robin
D:4:      layout_layer_cave, lemuel_tele_altar, enter_ossuary_2,
          dreamdust_wishing_well, lemuel_flame_loot_1
Ossuary:  ossuary_the_hunt_dpeg

Skill      XL: |  1  2  3  4  5 |
---------------+----------------+-----
Fighting       | 4 |  4.3
Shields        | 4 |  4.2
Armour         | 4 |  4.2
Maces & Flails | 3 |  3.0

Action                     |  1- 3 |  4- 6 || total
---------------------------+-------+-------++-------
  Melee: Flail             |   108 |   177 ||   285
    Use: Scroll            |     1 |     9 ||    10
 Armour: Scale mail        |    99 |     3 ||   102
         Plate armour      |       |   199 ||   199
  Dodge: Dodged            |    47 |    66 ||   113
  Block: Buckler           |    25 |    46 ||    71

Table legend: (Time is in decaauts)
 A = Elapsed time spent in this place.
 B = Non-inter-level travel time spent in this place.
 C = Inter-level travel time spent in this place.
 D = Time resting spent in this place.
 E = Time spent auto-exploring this place.
 F = Levels seen in this place.
 G = Mean time per level.
                   A        B        C        D        E       F      G
               +--------+--------+--------+--------+--------+-----+--------+
         Total |   2851 |   2785 |     66 |    100 |   2011 |   5 |  570.2 |
       Dungeon |   2837 |   2771 |     66 |    100 |   2011 |   4 |  709.2 |
       Ossuary |     14 |     14 |      0 |      0 |      0 |   1 |   14.0 |
               +--------+--------+--------+--------+--------+-----+--------+

Top non-repeatable levels by time:
     D:1: 1182 daAuts
     D:2: 900 daAuts
     D:3: 716 daAuts
     D:4: 38 daAuts
 Ossuary: 14 daAuts
